 Dungeon Crawl Stone Soup version 0.26-a0-498-g0fdccc9 (webtiles) character file.

Game seed: 4865259982668843495

105 pkoi the Ruffian (level 4, 0/35 HPs)
             Began as a Draconian Transmuter on Aug 6, 2020.
             Slain by an ogre
             ... wielding a +0 giant spiked club
              (26 damage)
             ... on level 3 of the Dungeon.
             The game lasted 00:02:13 (1650 turns).

pkoi the Ruffian (Draconian Transmuter)             Turns: 1650, Time: 00:02:13

Health: 0/35       AC:  5    Str: 13    XL:     4   Next: 53%
Magic:  7/7        EV: 12    Int: 14    God:
Gold:   166        SH:  0    Dex: 11    Spells: 6/7 levels left

rFire    . . .     SeeInvis .     - Unarmed
rCold    . . .     Faith    .   (no shield)
rNeg     . . .     Spirit   .   (armour unavailable)
rPois    .         Reflect  .   (helmet restricted)
rElec    .         Harm     .   (no cloak)
rCorr    .                      (no gloves)
MR       .....                  (no boots)
Stlth    +.........             c - amulet of regeneration
HPRegen  0.51/turn              (no ring)
MPRegen  0.10/turn              (no ring)

@: no status effects
A: unfitting armour, cold-blooded, AC +5
a: no special abilities


You were on level 3 of the Dungeon.
You visited 1 branch of the dungeon, and saw 3 of its levels.

You collected 166 gold pieces.

Inventory:

Missiles
 d - 5 silver javelins (quivered)
 k - 13 poisoned darts
Jewellery
 c - an amulet of regeneration (around neck)
Scrolls
 e - 3 scrolls of remove curse {unknown}
 f - a scroll of blinking {unknown}
 g - a scroll of random uselessness {unknown}
 h - a scroll of enchant weapon {unknown}
 i - a scroll of fear {unknown}
 j - a scroll of teleportation {unknown}
 m - a scroll of noise {unknown}
Potions
 a - 2 potions of invisibility {unknown}
 b - 4 potions of curing {unknown}
 l - a potion of resistance {unknown}


   Skills:
 - Level 1.1 Fighting
 - Level 1.7 Dodging
 + Level 4.3 Unarmed Combat
 - Level 2.0 Spellcasting
 + Level 3.6 Transmutations


You had 6 spell levels left.
You knew the following spells:

 Your Spells              Type           Power        Failure   Level
a - Beastly Appendage     Tmut           ##....       5%          1

Your spell library contained the following spells:

 Spells                   Type           Power        Failure   Level
 Wereblood                Tmut           ##......     8%          2
 Spider Form              Tmut/Pois      #.........   32%         3
 Ice Form                 Ice/Tmut       #.......     73%         4
 Blade Hands              Tmut           ##........   82%         5


Dungeon Overview and Level Annotations

Branches:
Dungeon (3/15)

Altars:
Ashenzari
Sif Muna


Innate Abilities, Weirdness & Mutations

Your plain brown scales are hard. (AC +5)
You cannot fit into any form of body armour.
You are cold-blooded and may be slowed by cold attacks.


Message History

You hit the ogre.
The ogre is lightly wounded.
The ogre hits you with a +0 giant spiked club!!
Ouch! That really hurt!
* * * LOW HITPOINT WARNING * * *
You barely miss the ogre.
The ogre is lightly wounded.
The ogre closely misses you.
You hit the ogre.
The ogre is moderately wounded.
There is a faded altar of an unknown god here.
Found a stone staircase leading down.
A kobold comes into view.
The kobold misses you.
You closely miss the kobold. The ogre barely misses you. The kobold misses you.
You hit the kobold.
You kill the kobold!
The ogre hits you with a +0 giant spiked club!!
Ouch! That really hurt!
You die...

# .. ###. ## #.. ..
#.###+# #######.#
#...#.#####.....#.##.#
.................>...#
###.........##.##.###
#....#..#...##.##†#
#......#_#.###.O@.#
........#..#.######
#....#.)..†#.#
########.....# #######
#####.# #.>...# #.#
#.###.# #.# #.# #.#
#.########.# #.#
#..........# #.#


You could see an ogre.

Vanquished Creatures
  Robin (D:2)
  2 adders
  An ooze (D:2)
  3 worms
  A leopard gecko (D:2)
  4 giant cockroaches
  14 goblins
  5 hobgoblins
  5 jackals (D:3)
  3 quokkas
  4 bats
  3 frilled lizards
  4 kobolds
  7 rats
57 creatures vanquished.

Notes
Turn   | Place    | Note
-------+----------+-------------------------------------------
     0 | D:1      | pkoi the Draconian Transmuter began the quest for the Orb.
     0 | D:1      | Reached XP level 1. HP: 16/16 MP: 3/3
   246 | D:1      | Found a shattered altar of Ashenzari.
   316 | D:1      | Reached XP level 2. HP: 22/23 MP: 5/5
   855 | D:2      | Found a shimmering blue altar of Sif Muna.
   937 | D:2      | Reached XP level 3. HP: 22/28 MP: 6/6
  1106 | D:2      | Noticed Robin
  1136 | D:1      | Reached skill level 4 in Unarmed Combat
  1249 | D:2      | Killed Robin
  1249 | D:2      | Reached XP level 4. HP: 35/35 MP: 7/7
  1544 | D:3      | Found a faded altar of an unknown god.
  1604 | D:3      | Noticed an ogre
  1650 | D:3      | Slain by an ogre

Illustrated notes

Levels and vault maps discovered:
D:1:      tarquinn_simple_flora_water_e, layout_basic, evilmike_ruin_ashenzari
D:2:      layout_basic, led_sif_pool, uniq_robin
D:3:      layout_basic, chequers_ecumenical_altar_simple

Skill      XL: |  1  2  3 |
---------------+----------+-----
Transmutations | 3 |  3.6
Unarmed Combat | 4 |  4.3
Fighting       | |  1.1
Dodging        | |  1.7
Spellcasting   | |  2.0

Action                   |  1- 3 |  4- 6 || total
-------------------------+-------+-------++-------
Melee: Unarmed           |   159 |    72 ||   231
       Tailslap          |    14 |     1 ||    15
       Punch             |     1 |     1 ||     2
Armor: Skin              |    47 |    26 ||    73
Dodge: Dodged            |   114 |    63 ||   177

Table legend: (Time is in decaauts)
 A = Elapsed time spent in this place.
 B = Non-inter-level travel time spent in this place.
 C = Inter-level travel time spent in this place.
 D = Time resting spent in this place.
 E = Time spent auto-exploring this place.
 F = Levels seen in this place.
 G = Mean time per level.
                   A        B        C        D        E       F      G
               +--------+--------+--------+--------+--------+-----+--------+
         Total |   1636 |   1592 |     44 |    182 |    947 |   3 |  545.3 |
       Dungeon |   1636 |   1592 |     44 |    182 |    947 |   3 |  545.3 |
               +--------+--------+--------+--------+--------+-----+--------+

Top non-repeatable levels by time:
     D:1: 824 daAuts
     D:2: 632 daAuts
     D:3: 179 daAuts
